Map: Nightshade LE

Players

INnoVation - Winner!

  • Race: Terran Terran
  • League: Master
  • Spawn Location: 11:00

Zest

  • Race: Protoss Protoss
  • League: Master
  • Spawn Location: 5:00

Event: Shopify TSL 5

VOD

Have the link to the VOD?

Description

Time

  • Played on: June 6, 2020, 11:13 a.m.
  • Length: 7:00

All games in this series

Show
View Real Time Build Order
Export as new Build Order

INnoVation Terran - Winner!

Build Orders:  

Get SALT Encoding   

  12  0:00  SCV  
  13  0:12  SCV  
  14  0:17  Supply Depot  
  14  0:24  SCV  
  15  0:38  SCV  
  15  0:40  Barracks  
  16  0:43  Refinery  
  16  0:50  SCV  
  17  1:02  SCV  
  18  1:14  SCV  
  19  1:27  Marine, Orbital Command  
  20  1:41  Command Center  
  20  1:45  Barracks Reactor  
  20  1:52  SCV  
  21  1:57  Supply Depot  
  21  2:04  Bunker  
  21  2:07  SCV  
  22  2:15  Factory  
  22  2:22  Marine x2  
  24  2:25  SCV  
  24  2:37  SCV  
  24  2:41  Marine x2  
  27  2:50  SCV  
  28  2:59  Marine x2  
  28  3:01  Factory Tech Lab  
  28  3:05  SCV  
  31  3:07  Orbital Command  
  31  3:08  Refinery  
  30  3:17  Marine x2  
  30  3:19  Cyclone  
  35  3:22  SCV  
  32  3:35  SCV x2  
  32  3:36  Marine  
  32  3:37  Starport  
  32  3:38  Marine  
  36  3:54  Marine  
  36  3:55  SCV, Marine  
  36  3:56  SCV  
  36  3:59  Engineering Bay  
  39  4:09  SCV x2  
  41  4:12  Supply Depot  
  41  4:14  Marine x2  
  41  4:15  Factory Tech Lab  
  43  4:20  Raven  
  45  4:26  Missile Turret  
  45  4:29  SCV  
  46  4:33  SCV, Marine x2  
  46  4:36  Supply Depot  
  49  4:38  Siege Tank  
  49  4:45  SCV x2  
  53  4:51  Supply Depot  
  53  4:53  Marine, Supply Depot  
  53  4:57  Marine  
  53  4:58  SCV  
  53  4:59  SCV  
  57  5:05  Banshee  
  60  5:11  Marine  
  61  5:15  Marine  
  61  5:18  Siege Tank  
  61  5:20  SCV x2  
  67  5:23  Supply Depot  
  67  5:29  Marine  
  67  5:33  Marine, Supply Depot  
  67  5:35  SCV x2  
  71  5:47  SCV, Marine  
  71  5:48  SCV, Banshee  
  77  5:51  Marine  
  78  5:57  Supply Depot  
  78  5:59  Siege Tank  
  78  6:01  SCV x2  
  83  6:05  Marine  
  83  6:08  Marine  
  85  6:13  SCV x2  
  87  6:22  Marine  
  87  6:25  SCV x2  
  90  6:26  Marine  
  90  6:27  Supply Depot  
  82  6:41  Marine  
  82  6:42  SCV x2  
  82  6:43  Bunker  
Show
View Real Time Build Order
Export as new Build Order

Zest Protoss 

Build Orders: Dark Templar Rush 

Get SALT Encoding   

  12  0:00  Probe  
  13  0:12  Probe  
  14  0:16  Pylon  
  14  0:24  Probe  
  15  0:35  Gateway  
  15  0:37  Probe  
  16  0:46  Pylon  
  16  0:49  Probe  
  17  0:54  Assimilator  
  17  1:01  Probe  
  18  1:07  Gateway  
  18  1:13  Probe  
  19  1:24  Cybernetics Core  
  19  1:25  Probe  
  19  1:30  Assimilator  
  20  1:37  Probe  
  21  1:50  Probe  
  22  1:58  Adept (Chrono Boost), Warp Gate (Chrono Boost)  
  22  1:59  Pylon  
  26  2:04  Probe  
  27  2:10  Adept (Chrono Boost)  
  27  2:18  Adept (Chrono Boost), Twilight Council  
  29  2:41  Adept  
  31  2:50  Probe  
  32  3:00  Dark Shrine  
  32  3:07  Nexus  
  32  3:15  Probe  
  33  3:24  Pylon  
  33  3:31  Probe (Chrono Boost)  
  32  3:39  Adept x2  
  36  3:42  Pylon  
  36  3:43  Probe (Chrono Boost)  
  37  3:51  Probe (Chrono Boost)  
  38  4:02  Probe  
  37  4:12  Dark Templar x2  
  37  4:14  Probe (Chrono Boost)  
  43  4:26  Probe (Chrono Boost)  
  41  4:33  Probe (Chrono Boost)  
  41  4:34  Probe (Chrono Boost)  
  43  4:42  Charge (Chrono Boost), Probe (Chrono Boost)  
  43  4:43  Probe (Chrono Boost)  
  45  4:50  Probe  
  45  4:51  Gateway  
  45  4:52  Probe, Gateway  
  47  5:00  Robotics Facility  
  47  5:02  Probe  
  47  5:04  Probe  
  49  5:07  Shield Battery  
  49  5:13  Gateway  
  49  5:14  Probe, Gateway  
  49  5:17  Probe  
  49  5:18  Pylon  
  49  5:21  Assimilator  
  51  5:23  Sentry  
  51  5:25  Assimilator  
  51  5:27  Pylon  
  53  5:31  Probe x2  
  55  5:36  Pylon  
  55  5:37  Phoenix  
  53  5:51  Warp Prism  
  53  5:52  Robotics Bay  
  55  5:57  Probe x2  
  57  6:04  Zealot  
  57  6:05  Zealot x3  
  57  6:09  Pylon  
  65  6:12  Zealot  
  65  6:13  Zealot  
  69  6:25  Zealot x3  
  75  6:26  Zealot  
  57  6:46  Zealot  
  57  6:47  Zealot x5  
Tags
 
Add a new tag
Caveats
  • Supply blocks, unpowered buildings, or Contaminate may cause inaccurate times.
  • Supply counts are checked every 10 seconds.